 Dungeon Crawl Stone Soup version 0.31.0-32-g396128a36d (webtiles) character file.

Game seed: 32241863214486027

171 Heoruswealwe the Conjurer (level 5, -10/28 HPs)
             Began as a Deep Elf Conjurer on Mar 29, 2024.
             Killed from afar by Sigmund (11 damage)
             ... with a puff of flame
             ... on level 4 of the Dungeon.
             The game lasted 00:35:57 (1723 turns).

Heoruswealwe the Conjurer (Deep Elf Conjurer)       Turns: 1723, Time: 00:35:57

Health: -10/28     AC:  3    Str:  4    XL:     5   Next: 26%
Magic:  4/15       EV: 12    Int: 25    God:
Gold:   373        SH:  0    Dex: 13    Spells: 1/15 levels left

rFire   . . .        (no weapon)
rCold   . . .        (no shield)
rNeg    . . .        c - +0 robe
rPois   .            g - +0 helmet
rElec   .            (no cloak)
rCorr   .            (no gloves)
SInv    +            (no boots)
Will    .....        (no amulet)
Stlth   ++           k - ring of see invisible
HPRegen 0.24/turn    (no ring)
MPRegen 0.14/turn

%: no passive effects
@: no status effects
A: no striking features
a: no special abilities


You were on level 4 of the Dungeon.
You visited 1 branch of the dungeon, and saw 3 of its levels.

You collected 937 gold pieces.
You spent 564 gold pieces at shops.

Inventory:

Armour
 a - a +0 robe
 c - a +0 robe (worn)
 g - a +0 helmet (worn)
 i - a +0 robe
 o - a +0 robe
 t - a +0 robe
Magical Staves
 r - a staff of alchemy
Jewellery
 k - a ring of see invisible (left hand)
Scrolls
 e - a scroll of blinking
 f - 4 scrolls of teleportation
 h - 2 scrolls of amnesia
 n - a scroll of summoning
 p - a scroll of enchant armour
 q - a scroll of revelation {unknown}
 s - a scroll of fog {unknown}
Potions
 b - 2 potions of magic
 d - a potion of brilliance
 j - 2 potions of curing
 l - a potion of enlightenment {unknown}
 m - 2 potions of heal wounds {unknown}


   Skills:
 - Level 2.4 Dodging
 - Level 2.4 Stealth
 + Level 5.6 Spellcasting
 + Level 6.0 Conjurations


You had one spell level left.
You knew the following spells:

 Your Spells              Type           Power      Damage    Failure   Level
a - Magic Dart            Conj           100%       1d8       1%          1
b - Searing Ray           Conj           74%        2d7       1%          2
c - Dazzling Flash        Conj/Hex       44%        N/A       7%          3
d - Fulminant Prism       Conj/Alch      11%        3d8       22%         4
e - Iskenderun's Mystic   Conj/Tloc      22%        2d6       22%         4

Your spell library contained the following spells:

 Spells                   Type           Power      Damage    Failure   Level
 Slow                     Hex            28%        N/A       8%          1
 Ensorcelled Hibernation  Hex/Ice        14%        N/A       12%         2
 Confusing Touch          Hex            7%         N/A       24%         3
 Fugue of the Fallen      Necr           7%         N/A       24%         3
 Sigil of Binding         Hex            7%         N/A       24%         3
 Vampiric Draining        Necr           7%         2d6       24%         3
 Volatile Blastmotes      Fire/Tloc      14%        2d11      24%         3
 Anguish                  Hex/Necr       3%         N/A       61%         4
 Animate Dead             Necr           7%         N/A       61%         4
 Borgnjor's Vile Clutch   Necr/Erth      3%         N/A       91%         5
 Starburst                Conj/Fire      11%        6d5       98%         6
 Death Channel            Necr           3%         N/A       100%        6
 Maxwell's Capacitive Co  Air            3%         ∞         100%        8


Dungeon Overview and Level Annotations

Branches:
Dungeon (2/15)

Altars:

Annotations:
D:4 Sigmund


Message History

The puff of flame hits you!
The searing ray misses Sigmund.
You finish channelling your searing ray.
Sigmund barely misses you.
Casting: Searing Ray (safe; 1% risk of failure)
Confirm with . or Enter, or press ? or * to list all spells.
Aiming: Searing Ray (safe; 1% risk of failure)
Press: ? - help, Shift-Dir - straight line, f/p - Sigmund
Aim: Sigmund, wielding a +0 scythe of protection and wearing a +0 robe (lightly wounded, 78% to hit)
The searing ray hits Sigmund but does no damage.
Sigmund is lightly wounded. (Press . to maintain the ray.)
The searing ray hits Sigmund.
Sigmund is moderately wounded.
Sigmund misses you.
The searing ray hits Sigmund!
Sigmund is heavily wounded.
Sigmund points at you and mumbles some strange words.
The magic dart hits you!
* * * LOW HITPOINT WARNING * * *
The searing ray hits Sigmund.
Sigmund is severely wounded.
You finish channelling your searing ray.
Sigmund hits you from afar with a +0 scythe of protection.
* * * LOW HITPOINT WARNING * * *
Blink to where?
Press: ? - help, Dir - move target, p - Sigmund
As you read the scroll of blinking, it crumbles to dust.
Casting: Searing Ray (safe; 1% risk of failure)
Confirm with . or Enter, or press ? or * to list all spells.
Aiming: Searing Ray (safe; 1% risk of failure)
Press: ? - help, Shift-Dir - straight line, f - Sigmund
Aim: Sigmund, wielding a +0 scythe of protection and wearing a +0 robe (severely wounded, 78% to hit)
The searing ray hits Sigmund.
Sigmund is almost dead. (Press . to maintain the ray.) Sigmund casts a spell at you.
The puff of flame hits you!
You die...
Sigmund begins carving another notch in his scythe.

#.####....... #.#
#..####. #.####..####.
#.##......##.
#.......#.##.
#.........##.
##........... #.########
#.......#### #......@.#
#...†..## #.######.#
#####.## # . .. #.# ##.#
## ...#. #.# ##..# ##.
.....)##@######...####..
.....................'..
#.>@.....######.....##..
##.#..#### ###.....###.
..... #.......# ##


You could see Sigmund.

Vanquished Creatures
  2 hounds (D:4)
  Natasha (D:4)
  2 adders (D:2)
  A ribbon worm (D:2)
  3 dart slugs
  4 endoplasms
  2 giant cockroaches
  13 goblins
  7 hobgoblins
  3 kobolds (D:1)
  4 quokkas
  A ball python (D:1)
  5 bats
  4 frilled lizards
  3 rats
55 creatures vanquished.

Notes
Turn   | Place    | Note
-------+----------+-------------------------------------------
     0 | D:1      | Heoruswealwe the Deep Elf Conjurer began the quest for the
                  | Orb.
     0 | D:1      | Reached XP level 1. HP: 10/10 MP: 6/6
   144 | D:1      | Reached XP level 2. HP: 15/15 MP: 4/8
   147 | D:1      | Learned a level 2 spell: Searing Ray
   533 | D:1      | Reached skill level 5 in Conjurations
   533 | D:1      | Reached XP level 3. HP: 15/19 MP: 2/10
   580 | D:1      | Learned a level 3 spell: Dazzling Flash
   829 | D:2      | Found Xuolyari's Magic Scroll Boutique.
   882 | D:2      | Bought 2 scrolls of identify for 52 gold pieces
   888 | D:2      | Identified a scroll of acquirement
   893 | D:2      | Acquired 836 gold pieces
   901 | D:2      | Bought a scroll of teleportation for 39 gold pieces
   901 | D:2      | Bought a scroll of teleportation for 39 gold pieces
   901 | D:2      | Bought a scroll of amnesia for 52 gold pieces
   901 | D:2      | Bought a scroll of teleportation for 39 gold pieces
   901 | D:2      | Bought a scroll of silence for 123 gold pieces
   901 | D:2      | Bought a scroll of blinking for 97 gold pieces
   901 | D:2      | Bought a scroll of summoning for 123 gold pieces
  1281 | D:2      | Reached XP level 4. HP: 24/24 MP: 8/12
  1289 | D:2      | Learned a level 4 spell: Fulminant Prism
  1536 | D:2      | You fall into a shaft and drop 2 floors!
  1554 | D:4      | Reached skill level 5 in Spellcasting
  1632 | D:4      | Reached XP level 5. HP: 23/28 MP: 7/14
  1637 | D:4      | Learned a level 4 spell: Iskenderun's Mystic Blast
  1660 | D:4      | Noticed Natasha
  1665 | D:4      | Killed Natasha
  1666 | D:4      | Reached skill level 6 in Conjurations
  1706 | D:4      | Noticed Sigmund
  1721 | D:4      | HP: 1/28 [Sigmund/+0 scythe of protection (6)]
  1723 | D:4      | Killed from afar by Sigmund

Illustrated notes

Levels and vault maps discovered:
D:1:      dpeg_arrival_morbid_curiosity, layout_rooms
D:2:      layout_basic, serial_shops, shop, minmay_misc_feat_cross
D:4:      layout_loops_corners, fedhas_altar_4, nicolae_dithmenos_the_darkroom,
          uniq_sigmund, uniq_duvessa, uniq_natasha

Skill      XL: |  1  2  3  4  5 |
---------------+----------------+-----
Spellcasting   | 4 5 |  5.6
Conjurations   | 5 6 |  6.0
Dodging        | |  2.4
Stealth        | |  2.4

Action                     |  1- 3 |  4- 6 || total
---------------------------+-------+-------++-------
  Melee: Unarmed           |    16 |       ||    16
   Cast: Magic Dart        |    69 |    13 ||    82
         Searing Ray       |     2 |     7 ||     9
    Use: Scroll            |     7 |     1 ||     8
 Armour: Robe              |    23 |     9 ||    32
  Dodge: Dodged            |    33 |     4 ||    37
